 Dungeon Crawl Stone Soup version 0.27.1-1-g398f81649c (webtiles) character file.

Game seed: 2532845965885393156

111692 TheGamechu the Warrior (level 16, -6/135 HPs)
             Began as a Minotaur Fighter on Sept 14, 2021.
             Was the Champion of Hepliaklqana.
             Mangled by a redback (13 damage)
             ... on level 2 of the Spider Nest on Sept 15, 2021.
             The game lasted 01:41:55 (23354 turns).

TheGamechu the Warrior (Minotaur Fighter)          Turns: 23354, Time: 01:41:58

Health: -6/135     AC:  8    Str: 25    XL:     16   Next: 10%
Magic:  21/21      EV:  9    Int:  5    God:    Hepliaklqana [******]
Gold:   942        SH: 14    Dex: 13    Spells: 12/15 levels left

rFire    + . .     SeeInvis +   x - +7 captain's cutlass {speed, disarm}
rCold    + . .     Faith    .   c - +0 kite shield
rNeg     . . .     Spirit   .   f - +0 plate armour
rPois    .         Reflect  .   H - +1 hat
rElec    .         Harm     .   Q - scarf {rC+ rF+}
rCorr    .         Rampage  .   C - +1 pair of gloves
Will     +....                  X - +0 pair of boots
Stlth    ..........             (no amulet)
HPRegen  0.32/turn              g - +4 ring of protection
MPRegen  0.17/turn              O - ring of see invisible

@: lethally poisoned (-6 -> -43), about to teleport, corroded, hasted, studying
Long Blades, very quick
A: reduced essence, horns 2, retaliatory headbutt
a: Renounce Religion, Recall Ancestor, Ancestor Identity, Transference, Idealise


You were on level 2 of the Spider Nest.
You worshipped Hepliaklqana.
Hepliaklqana was exalted by your worship.
You visited 3 branches of the dungeon, and saw 19 of its levels.

You collected 1233 gold pieces.
You spent 291 gold pieces at shops.

Inventory:

Hand Weapons
 x - the +7 captain's cutlass (weapon) {speed, disarm}
   (You found it on level 5 of the Dungeon)

   Attacks with this weapon are significantly faster.
   It may disarm weapon-wielding foes when striking them, dealing extra damage
   in the process.
 E - a +2 falchion of holy wrath
Missiles
 i - 61 poisoned darts (quivered)
 v - 6 boomerangs
 K - 5 silver boomerangs
 R - 2 curare-tipped darts
 W - 2 javelins
Armour
 c - a +0 kite shield (worn)
 f - a +0 plate armour (worn)
 r - a +2 cloak of poison resistance
 C - a +1 pair of gloves (worn)
 H - a +1 hat (worn)
 Q - a scarf of resistance (worn)
 X - a +0 pair of boots (worn)
Jewellery
 g - a +4 ring of protection (left hand)
 m - a ring of willpower
 q - a +4 ring of evasion
 z - a +6 ring of dexterity
 O - a ring of see invisible (right hand)
Wands
 a - a wand of paralysis (15)
 b - a wand of digging (3)
 k - a wand of flame (33)
 l - a wand of polymorph (8)
 T - a wand of acid (15)
 Z - a wand of iceblast (10)
Scrolls
 e - a scroll of summoning {unknown}
 h - a scroll of holy word {unknown}
 j - 3 scrolls of enchant armour
 n - 3 scrolls of teleportation
 p - 2 scrolls of magic mapping {unknown}
 s - a scroll of vulnerability
 t - a scroll of brand weapon {unknown}
 A - 2 scrolls of amnesia {unknown}
 B - 2 scrolls of fog {unknown}
 F - 2 scrolls of fear {unknown}
 P - a scroll of blinking {unknown}
 S - a scroll of silence {unknown}
 V - a scroll of torment {unknown}
 Y - a scroll of enchant weapon {unknown}
Potions
 d - 7 potions of might
 o - 6 potions of curing
 u - a potion of berserk rage
 w - 3 potions of heal wounds
 D - 2 potions of magic
 G - 2 potions of haste
 I - 3 potions of lignification
 J - 2 potions of flight
 M - 7 potions of ambrosia
 N - a potion of mutation
 U - a potion of invisibility


   Skills:
 + Level 15.7 Fighting
 - Level 13.7(14.0) Short Blades
 - Level 4.5(10.9) Long Blades
 + Level 12.8 Throwing
 - Level 5.0 Armour
 + Level 5.8 Dodging
 - Level 15.0 Shields
 + Level 8.7 Invocations


You had 12 spell levels left.
You knew the following spells:

 Your Spells              Type           Power      Damage    Failure   Level
a - Apportation           Tloc           0%         N/A       100%        1
b - Blink                 Tloc           N/A        N/A       100%        2

Your spell library contained the following spells:

 Spells                   Type           Power      Damage    Failure   Level
 Beastly Appendage        Tmut           0%         N/A       100%        1
 Corona                   Hex            0%         N/A       100%        1
 Sting                    Tmut/Pois      0%         1d3       100%        1
 Ensorcelled Hibernation  Hex/Ice        0%         N/A       100%        2
 Poisonous Vapours        Pois/Air       0%         N/A       100%        2
 Slow                     Hex            0%         N/A       100%        2
 Wereblood                Tmut           0%         N/A       100%        2
 Confusing Touch          Hex            0%         N/A       100%        3
 Dazzling Flash           Conj/Hex       0%         N/A       100%        3
 Inner Flame              Hex/Fire       0%         N/A       100%        3
 Lesser Beckoning         Tloc           0%         N/A       100%        3
 Spider Form              Tmut/Pois      0%         N/A       100%        3
 Tukima's Dance           Hex            0%         N/A       100%        3
 Animate Armour           Summ/Erth      0%         N/A       100%        4
 Cause Fear               Hex            0%         N/A       100%        4
 Iskenderun's Mystic Bla  Conj/Tloc      0%         2d3       100%        4
 Olgreb's Toxic Radiance  Pois           0%         N/A       100%        4
 Alistair's Intoxication  Tmut/Pois      0%         N/A       100%        5
 Blade Hands              Tmut           0%         N/A       100%        5
 Fireball                 Conj/Fire      0%         3d3       100%        5
 Iskenderun's Battlesphe  Conj           0%         2d6       100%        5
 Manifold Assault         Tloc           0%         N/A       100%        5
 Yara's Violent Unravell  Hex/Tmut       0%         3d3       100%        5
 Conjure Ball Lightning   Conj/Air       0%         3x3d6     100%        6
 Invisibility             Hex            0%         N/A       100%        6
 Iron Shot                Conj/Erth      0%         9d1       100%        6
 Starburst                Conj/Fire      0%         6d3       100%        6
 Orb of Destruction       Conj           0%         N/A       100%        7
 Discord                  Hex            0%         N/A       100%        8


Dungeon Overview and Level Annotations

Branches:
Dungeon (10/15)            Temple (0/1) D:6            Lair (6/6) D:9
 Shoals (0/4) Lair:4       Spider (3/4) Lair:3
  Slime: Lair:5-6       Orc: D:9-12

Altars:
Cheibriados
Dithmenos
Fedhas
Hepliaklqana
Kikubaaqudgha
Makhleb
Nemelex Xobeh
Qazlal
Vehumet
Wu Jian
Xom
Zin

Shops:
D:4 [!?[*   D:8 *   D:9 ?((:!

Portals:
Hell: Lair:6

Annotations:
Lair:1 exclusion: 3 oklob plants
Lair:4 3 runed translucent doors, speeev33's ghost, journeyman HOFi
Lair:5 exclusion: oklob plant
Spider:2 Arachne
Spider:3 Nikola


Innate Abilities, Weirdness & Mutations

Your life essence is reduced to manifest your ancestor. (-10% HP)
You have a pair of horns on your head.
You reflexively headbutt those who attack you in melee.


Message History

* * * LOW HITPOINT WARNING * * *
You feel extremely sick.
* * * LOW HITPOINT WARNING * * *
You feel very sick.
* * * LOW HITPOINT WARNING * * *
You feel very sick.
The redback bites you but does no damage.
* * * LOW HITPOINT WARNING * * *
You feel very sick.
You feel better. You block the redback's attack.
Arachne says, "You'll find yourself a bit attached to my weave."
Arachne casts a spell.
Arachne blinks!
You feel much better. You block the redback's attack.
Arachne mumbles some strange words.
Arachne blinks!
Arachne stares at you and mumbles some strange words.
The bolt of poison hits you!!
You are poisoned.
* * * LOW HITPOINT WARNING * * *
You feel very sick.
Arachne's staff shoots out a stream of webbing.
The stream of webbing hits you but does no damage.
You are caught in a web!
There is a web here.
The web tears apart.
You feel sick. You block the redback's attack. The redback bites you.
* * * LOW HITPOINT WARNING * * *
You are lethally poisoned!
The redback poisons you!
A wolf spider comes into view.
Okay, then.
As you read the scroll of teleportation, it crumbles to dust.
You feel strangely unstable.
* * * LOW HITPOINT WARNING * * *
You feel extremely sick.
The wolf spider hisses angrily.
Arachne closely misses you. You furiously retaliate!
You headbutt Arachne, but do no damage. The redback bites you!
You die...

####.....§......##.....
.........
#^###....#...........#.........
#..........###.......##.<...##.
#...............#....s#......#
##.....s........^........#...##
####..##..#............#........
#....##..............###†.#.....
#......^.####.H..#.....^#.##....
##......#...sBs@.#....^>..^###..
#.....^.......s#........#....#..
##...##...^..................#.#
#####..^..†#.†.#..#........##..
#..........#.........).....
####...†#..#...#...#.......
#.......##.....#^..#.......
#...†....#..#..#...#.......
####...†.....######...#...^#..


You could see Arachne (invisible), an entropy weaver (very poisoned), a demonic
crawler, a wolf spider and 2 redbacks.

Vanquished Creatures
  Gastronok (D:8)
  Aizul (Spider:3)
  A ghost moth (Spider:1)
  2 emperor scorpions (Spider:3)
  2 entropy weavers
  8 hydras
  4 two-headed ogres
  Sonja (Lair:3)
  A sixfirhy (Lair:6)
  A wizard (Lair:6)
  A lindwurm (Lair:6)
  Pikel (D:5)
  5 orb spiders
  A moth of wrath (Spider:2)
  3 elephants (Lair:3)
  7 wolf spiders
  10 black mambas
  A merfolk siren (Lair:4)
  A smoke demon (Lair:6)
  2 orange demons (Lair:6)
  13 cane toads
  A gargoyle (D:10)
  4 torpor snails
  An unseen horror (D:10)
  4 rime drakes
  4 komodo dragons
  A yaktaur (D:10)
  3 ice devils
  4 demonic crawlers
  A queen bee (D:9)
  A merfolk (Lair:4)
  3 hornets
  A polar bear (Lair:4)
  11 jumping spiders
  23 blink frogs
  10 dream sheep
  18 tarantellas
  43 redbacks
  44 yaks
  2 steam dragons
  2 wyverns
  2 basilisks
  18 water moccasins
  2 hell hounds (Lair:6)
  Duvessa (D:7)
  4 black bears
  4 orc warriors
  8 wolves
  A necrophage (D:7)
  2 ogres
  4 centaurs
  2 lemures (D:4)
  A phantom (D:5)
  A kobold brigand (D:9)
  A gnoll sergeant (D:10)
  2 wyvern zombies
  Blork the orc (D:4)
  9 bullfrogs
  3 scorpions
  16 killer bees (D:9)
  7 wights
  3 howler monkeys
  An electric eel (Lair:3)
  5 centaur zombies
  2 hounds (D:7)
  3 jellies
  A centaur skeleton (D:7)
  4 orc priests
  5 iguanas
  7 orc wizards
  A hell rat (Lair:1)
  A hound skeleton (D:4)
  2 howler monkey zombies
  Robin (D:2)
  4 gnolls (D:10)
  10 adders
  7 river rats (Lair:1)
  A shadow imp (D:6)
  A white imp (D:7)
  An ufetubus (D:4)
  A worm (D:3)
  3 dart slugs (D:1)
  15 orcs
  4 bats
  9 endoplasms
  2 giant cockroaches
  7 goblins
  6 hobgoblins
  7 quokkas
  4 ball pythons
  8 frilled lizards
  10 kobolds
  3 rats
476 creatures vanquished.

Vanquished Creatures (collateral kills)
  A boulder beetle (Spider:1)
  2 two-headed ogres (D:8)
  An orb spider (Spider:3)
  2 merfolk sirens (Lair:4)
  An orange demon (Lair:6)
  A cane toad (Lair:6)
  A torpor snail (Lair:5)
  A rime drake (Lair:6)
  2 jumping spiders (Spider:1)
  A polar bear (Lair:6)
  A hornet (D:7)
  6 dream sheep
  5 blink frogs
  2 tarantellas
  6 yaks
  4 redbacks
  A water moccasin (Lair:6)
  A hell hound (Lair:6)
  A black bear (D:6)
  A wolf (Lair:3)
  A lemure (D:5)
  Dowan (D:7)
  2 wights
  7 killer bees (D:9)
  A bullfrog skeleton (D:5)
  An orc wizard (D:7)
  A river rat (Lair:1)
  4 orcs
59 creatures vanquished.

Vanquished Creatures (others)
  An orb spider (Spider:3)
  A wolf spider (Spider:3)
  13 hexers
  An ancestor (D:5)
  16 fungi
  31 plants
  A withered plant (D:6)
64 creatures vanquished.

Grand Total: 599 creatures vanquished

Notes
Turn   | Place    | Note
-------+----------+-------------------------------------------
     0 | D:1      | TheGamechu the Minotaur Fighter began the quest for the
                  | Orb.
     0 | D:1      | Reached XP level 1. HP: 19/19 MP: 0/0
   212 | D:1      | Reached XP level 2. HP: 27/27 MP: 1/1
   741 | D:1      | Reached XP level 3. HP: 31/33 MP: 2/2
  1130 | D:2      | Found a faded altar of an unknown god.
  1223 | D:2      | Noticed Robin
  1233 | D:2      | Reached XP level 4. HP: 32/40 MP: 3/3
  1241 | D:2      | Killed Robin
  2310 | D:4      | Reached skill level 5 in Shields
  2310 | D:4      | Reached XP level 5. HP: 32/47 MP: 4/4
  2410 | D:4      | Found Neffychu's Antique Armour Emporium.
  2638 | D:4      | Found a radiant altar of Vehumet.
  2653 | D:4      | Identified the +0 leather armour "Otiarph" {Contam Will+
                  | Stlth+}
  2692 | D:4      | Found Bediekke's Antique Armour Shop.
  2702 | D:4      | Noticed Blork the orc
  2721 | D:4      | Killed Blork the orc
  2722 | D:4      | Reached skill level 5 in Fighting
  2722 | D:4      | Reached skill level 5 in Armour
  2743 | D:4      | Found Qokhleode's Distillery.
  2799 | D:4      | Bought a pair of gloves for 135 gold pieces
  2835 | D:4      | Found a hazy altar of Hepliaklqana.
  2928 | D:4      | Reached XP level 6. HP: 56/56 MP: 5/5
  2928 | D:4      | Became a worshipper of Hepliaklqana the Forgotten
  3066 | D:4      | Found Setuhon's Magic Scroll Shoppe.
  3405 | D:4      | Found a blossoming altar of Fedhas.
  3406 | D:4      | Found a stormy altar of Qazlal.
  3497 | D:4      | Found Jillaph's General Store.
  3558 | D:5      | Entered Level 5 of the Dungeon
  3822 | D:5      | Reached * piety under Hepliaklqana
  3882 | D:5      | Found the +7 captain's cutlass {speed, disarm}
  3956 | D:5      | Reached XP level 7. HP: 54/54 MP: 6/6
  4028 | D:5      | Reached skill level 1 in Short Blades
  4044 | D:5      | Reached skill level 1 in Throwing
  4099 | D:5      | Noticed Pikel
  5293 | D:6      | Reached XP level 8. HP: 62/63 MP: 7/7
  5846 | D:6      | Reached ** piety under Hepliaklqana
  5847 | D:6      | Remembered your ancestor Publia as a hexer
  5939 | D:6      | Found an ancient bone altar of Kikubaaqudgha.
  5955 | D:6      | Found a glowing silver altar of Zin.
  6121 | D:6      | Found a shadowy altar of Dithmenos.
  6269 | D:6      | Found a staircase to the Ecumenical Temple.
  6487 | D:7      | Identified the +2 robe of Okawaru's Regard {*Slow rPois
                  | rCorr}
  6737 | D:7      | Reached XP level 9. HP: 61/71 MP: 8/8
  6772 | D:7      | Reached skill level 10 in Shields
  7063 | D:7      | Noticed Duvessa
  7066 | D:7      | Noticed Dowan
  7072 | D:7      | Killed Duvessa
  7080 | D:7      | Killed Dowan
  7454 | D:8      | Noticed a two-headed ogre
  7456 | D:8      | Identified 2 scrolls of acquirement
  7456 | D:8      | Acquired a manual of Long Blades
  7460 | D:7      | Acquired a +1 cloak of poison resistance
  7502 | D:8      | Reached skill level 5 in Short Blades
  7512 | D:8      | Killed a two-headed ogre
  7513 | D:8      | Reached skill level 5 in Throwing
  7564 | D:8      | Noticed Gastronok
  7582 | D:8      | Killed Gastronok
  7583 | D:8      | Reached XP level 10. HP: 65/81 MP: 9/9
  7596 | D:8      | Noticed a two-headed ogre
  7607 | D:8      | Killed a two-headed ogre
  7741 | D:8      | Found Plog's General Store.
  7898 | D:8      | Noticed a two-headed ogre
  7904 | D:8      | Killed a two-headed ogre
  7969 | D:8      | Reached *** piety under Hepliaklqana
  8054 | D:8      | Noticed a two-headed ogre
  8062 | D:8      | Killed a two-headed ogre
  8316 | D:5      | Killed Pikel
  8317 | D:5      | Reached XP level 11. HP: 74/89 MP: 10/10
  8380 | D:9      | Found Pemaugrityf's Distillery.
  8417 | D:9      | Found Yraeraf's Weapon Shop.
  8425 | D:9      | Reached skill level 10 in Fighting
  8470 | D:9      | Found Ritwiggi's Magic Scroll Shoppe.
  8479 | D:9      | Found Fialugut's Weapon Emporium.
  8494 | D:9      | Bought 8 silver boomerangs for 156 gold pieces
  8559 | D:9      | Found Hih Atamn's Book Shoppe.
  8727 | D:9      | Found a sparkling altar of Nemelex Xobeh.
  8794 | D:9      | Found a staircase to the Lair.
  9634 | D:10     | Entered Level 10 of the Dungeon
  9694 | D:10     | Noticed a two-headed ogre
  9697 | D:10     | Noticed a two-headed ogre
  9722 | D:10     | Killed a two-headed ogre
  9727 | D:10     | Killed a two-headed ogre
 10520 | D:10     | Noticed a wizard
 10520 | D:10     | Noticed a seven-headed hydra
 10573 | D:9      | Killed a seven-headed hydra
 10710 | Lair:1   | Entered Level 1 of the Lair of Beasts
 10883 | Lair:1   | Noticed an oklob plant
 10885 | Lair:1   | Noticed an oklob plant
 10886 | Lair:1   | Noticed an oklob plant
 11280 | Lair:1   | Reached XP level 12. HP: 72/99 MP: 11/11
 11398 | Lair:1   | Reached **** piety under Hepliaklqana
 11679 | Lair:1   | Reached skill level 15 in Shields
 11774 | Lair:1   | Found a blossoming altar of Fedhas.
 11886 | Lair:1   | Noticed a five-headed hydra
 11898 | Lair:1   | Killed a five-headed hydra
 12212 | Lair:2   | Found an ornate altar of the Wu Jian Council.
 12673 | Lair:2   | Reached ***** piety under Hepliaklqana
 13134 | Lair:3   | Found a hole to the Spider Nest.
 13155 | Lair:3   | Reached skill level 10 in Short Blades
 13269 | Lair:3   | Noticed Sonja
 13273 | Lair:3   | Killed Sonja
 13488 | Lair:3   | Noticed an eight-headed hydra
 13495 | Lair:3   | Killed an eight-headed hydra
 13761 | Lair:3   | You fall into a shaft and drop 1 floor!
 13761 | Lair:4   | Found a runed translucent gate.
 13761 | Lair:4   | Found a runed translucent gate.
 13764 | Lair:4   | Noticed an eight-headed hydra
 13944 | Lair:3   | Noticed an eight-headed hydra
 13951 | Lair:3   | Killed an eight-headed hydra
 14520 | Lair:4   | Noticed an eight-headed hydra
 14528 | Lair:4   | Killed an eight-headed hydra
 14529 | Lair:4   | Reached skill level 10 in Throwing
 14529 | Lair:4   | Reached XP level 13. HP: 107/107 MP: 12/12
 14695 | Lair:4   | Learned a level 1 spell: Apportation
 14698 | Lair:4   | Learned a level 2 spell: Blink
 14704 | Lair:4   | Found a shimmering altar of Xom.
 14889 | Lair:4   | Reached skill level 1 in Invocations
 15055 | Lair:4   | Found a staircase to the Shoals.
 15265 | Lair:4   | Noticed speeev33's ghost (journeyman HOFi)
 15347 | Lair:4   | Found a runed translucent gate.
 16241 | Lair:5   | Found a snail-covered altar of Cheibriados.
 16938 | Lair:6   | Entered Level 6 of the Lair of Beasts
 17624 | Lair:6   | Found a burning altar of Makhleb.
 18077 | Lair:6   | Reached skill level 5 in Invocations
 18208 | Lair:6   | Reached ****** piety under Hepliaklqana
 18248 | Lair:6   | Reached XP level 14. HP: 118/118 MP: 16/16
 19667 | Lair:6   | Found a gateway to Hell.
 19783 | Lair:6   | Reached XP level 15. HP: 125/125 MP: 17/19
 19896 | Spider:1 | Entered Level 1 of the Spider Nest
 19970 | Spider:1 | Reached skill level 1 in Dodging
 20420 | Spider:1 | Reached skill level 15 in Fighting
 21184 | Spider:1 | Noticed a ghost moth
 21188 | Spider:1 | Killed a ghost moth
 21393 | Spider:2 | Noticed Arachne
 21649 | Spider:2 | You fall into a shaft and drop 1 floor!
 22474 | Spider:3 | Reached skill level 5 in Dodging
 22527 | Spider:3 | Noticed Aizul
 22540 | Spider:3 | Killed Aizul
 22691 | Spider:3 | Reached XP level 16. HP: 105/134 MP: 21/21
 22864 | Spider:3 | Noticed Nikola
 23354 | Spider:2 | Mangled by a redback

Illustrated notes

Levels and vault maps discovered:
D:1:      wheals_arrival_shading, layout_loops_cross
D:2:      layout_basic, dreamdust_ecumenical_altar_statues, uniq_robin
D:3:      layout_loops_corners
D:4:      layout_basic, grunt_temple_overflow_forces_of_nature,
          nicolae_overflow_hidden_temple, mainiacjoe_overflow_surrounded_room,
          serial_shops, shop_statue, shop, kennysheep_mini_moat, shop,
          shop_fountains, uniq_blork_the_orc
D:5:      layout_gridville, uniq_pikel
D:6:      layout_layer_cave, kiku_gazebo_garden_becter, grunt_dithmenos_shadows,
          zin_scriptorium, minmay_temple_entry_from_below_a, grunt_ministairs_15
D:7:      layout_cave_pools, uniq_duvessa
D:8:      layout_cave_pools, serial_shops, nicolae_shop_window_shopping,
          uniq_gastronok
D:9:      layout_gridville, general_overflow_altar,
          grunt_lair_entry_orc_guard_hut, special_room [special_room_bee],
          serial_shops, nicolae_square_shop, shop_fountains, shop,
          nicolae_stop_n_shop_1, shop
D:10:     layout_basic, minmay_fractal_squares_gapless_7
Lair:1:   layout_regular_city, basic_altar, chequers_serial_rivers_room_a,
          kennysheep_rathole, minmay_lair_oklob_chamber
Lair:2:   layout_roguey, basic_altar, serial_forest,
          infiniplex_forest_straight_2, infiniplex_forest_straight_3,
          infiniplex_forest_clump_cross, infiniplex_forest_end_2,
          infiniplex_forest_clump_medium, infiniplex_forest_diagonal,
          grunt_megastairs_4, infiniplex_staircase_pool_2
Lair:3:   layout_regular_city, spider_nest_entry_a,
          nicolae_quartered_pool_super, minmay_hedge_maze, serial_bayou_pond_c,
          uniq_sonja
Lair:4:   layout_regular_city, elwin_shoals_entry_stream, basic_altar,
          gammafunk_ghost_split
Lair:5:   layout_misc_corridors, minmay_slime_entry_oklob_enclosed,
          serial_bayou_lagoon_a, kennysheep_snail_temple
Lair:6:   evil_forest, layout_regular_city, grunt_megastairs_5
Spider:1: layout_spider_delve
Spider:2: layout_spider_delve, uniq_arachne
Spider:3: layout_chambers, uniq_bai_suzhen, uniq_nikola, uniq_aizul

Skill      XL: |  1  2  3  4  5  6  7  8  9 10 11 12 13 14 15 |
---------------+----------------------------------------------+-----
Armour         | 4 5 |  5.0
Shields        | 4 5 6 7 9 11 13 14 15 | 15.0
Fighting       | 4 5 6 7 9 11 12 14 15 | 15.7
Long Blades    | 3 4 |  4.5
Short Blades   | 2 4 6 7 8 10 12 13 | 13.7
Throwing       | 2 3 5 6 8 10 11 12 | 12.8
Invocations    | 5 7 8 |  8.7
Dodging        | 5 |  5.8

Action                   |  1- 3 |  4- 6 |  7- 9 | 10-12 | 13-15 | 16-18 || total
-------------------------+-------+-------+-------+-------+-------+-------++-------
Melee: Long sword        |   104 |   137 |       |       |       |       ||   241
       Headbutt          |     8 |    19 |    33 |   115 |   192 |    12 ||   379
       Cutlass           |       |     1 |   158 |   564 |   728 |    51 ||  1502
Throw: Stone             |       |    11 |    13 |       |     1 |       ||    25
       Dart              |       |       |     7 |     4 |    11 |    19 ||    41
       Boomerang         |       |       |    44 |    73 |   277 |     6 ||   400
       Javelin           |       |       |       |       |     2 |       ||     2
Invok: Ancestor Life: He |       |       |     1 |       |       |       ||     1
       Transference      |       |       |       |     1 |       |       ||     1
       Recall Ancestor   |       |       |       |       |     2 |     1 ||     3
Evoke: Wand              |       |       |       |       |     2 |       ||     2
  Use: Scroll            |       |       |     6 |     3 |    12 |     2 ||    23
       Potion            |       |       |       |       |     2 |     5 ||     7
 Stab: Confused          |       |       |     1 |     2 |     9 |       ||    12
       Distracted        |       |       |       |     4 |     7 |       ||    11
       Paralysed         |       |       |       |       |    12 |     2 ||    14
Armor: Scale mail        |    14 |       |       |       |       |       ||    14
       Plate armour      |    41 |    79 |    71 |   176 |   209 |    17 ||   593
Dodge: Dodged            |    36 |    19 |    23 |   101 |    91 |    10 ||   280
Block: Kite shield       |    44 |    71 |    73 |   300 |   280 |    29 ||   797
       Rpst.: Long sword |     6 |     5 |       |       |       |       ||    11
